AoeStats
← kV0t3

Arabia

506243511Analyzed
1v1 RM · 20d ago on Sep 12, 2026· 41m 33s· 2 players
Game mode
Random Map
Map size
Tiny (2 player)
Population
200
Speed
Normal
Resources
Standard
Victory
Conquest
Starting age
Dark Age
Ending age
Imperial Age
RankedLock teamsTeams togetherTeam positionsShared explorationLock speedFull tech treeHidden civsTurbo modeCheats
Victory
Defeat
🇬🇧 Vikings · United Kingdom
1217
+15
🇦🇷 Japanese · Argentina
1201
-15
kV0t3
3:21 Loom
9:44 Feudal Age
9:54 Man-at-Arms
14:22 Double-Bit Axe
17:10 Fletching
18:05 Padded Archer Armor
19:51 Wheelbarrow
23:42 Castle Age
22:25 Gold Mining
23:43 Crossbowman
24:19 Bodkin Arrow
24:35 Bow Saw
24:47 Leather Archer Armor
26:23 Gold Shaft Mining
25:33 Horse Collar
27:20 Ballistics
37:29 Imperial Age
35:18 Elite Skirmisher
38:16 Bracer
39:48 Chemistry
Magic Thumbs
6:34 Loom
9:25 Feudal Age
9:51 Double-Bit Axe
22:32 Castle Age
20:58 Fletching
21:54 Padded Archer Armor
21:58 Gold Mining
23:11 Bodkin Arrow
23:43 Horse Collar
24:02 Crossbowman
25:25 Ballistics
25:48 Leather Archer Armor
35:44 Imperial Age
37:24 Ring Archer Armor
37:43 Bracer
37:13 Arbalester
Connection lost

Rejoining the realm…

Still unreachable

The connection could not be restored.

Session expired

The server has moved on; the page needs a fresh start.